 Dungeon Crawl Stone Soup version 0.21.0-37-g46506fa (webtiles) character file.

42 garbagetei the Poker (level 3, 0/27 HPs)
             Began as a Merfolk Skald on Jan 30, 2018.
             Slain by a ball python (1 damage)
             ... on level 1 of the Dungeon.
             The game lasted 00:02:40 (974 turns).

garbagetei the Poker (Merfolk Skald)                 Turns: 974, Time: 00:02:41

Health: 0/27       AC:  3    Str: 11    XL:     3   Next: 56%
Magic:  6/6        EV:  9    Int: 13    God:
Gold:   48         SH:  0    Dex: 13    Spells: 3/6 levels left

rFire    . . .     SeeInvis .   a - +0 spear
rCold    . . .     Gourm    .   (no shield)
rNeg     . . .     Faith    .   b - +0 leather armour
rPois    .         Spirit   .   (no helmet)
rElec    .         Reflect  .   (no cloak)
rCorr    .         Harm     .   (no gloves)
MR       .....                  (no boots)
Stlth    +.........             (no amulet)
HPRegen  0.09/turn              (no ring)
MPRegen  0.10/turn              (no ring)

@: lethally poisoned (0 -> -5), constricted
A: change form in water, swift swim, stealthy swim
a: no special abilities


You were on level 1 of the Dungeon.
You were not hungry.

You visited 1 branch of the dungeon, and saw 2 of its levels.

You collected 48 gold pieces.

Inventory:

Hand Weapons
 a - a +0 spear (weapon)
Armour
 b - a +0 leather armour (worn)
Scrolls
 e - a scroll of enchant armour {unknown}
 f - a scroll of amnesia {unknown}
 g - a scroll of noise {unknown}
 h - a scroll of teleportation {unknown}
Books
 c - a book of Battle

   Spells                             Type                      Level
   a - Infusion                       Charms                       1
   b - Shroud of Golubria             Charms/Translocation         2
   c - Song of Slaying                Charms                       2
   d - Spectral Weapon                Hexes/Charms                 3
   e - Regeneration                   Charms/Necromancy            3
Comestibles
 d - 4 rations


   Skills:
 + Level 2.2 Fighting
 * Level 4.1 Polearms
 + Level 0.9 Armour
 + Level 2.8 Dodging
 + Level 0.3 Stealth
 + Level 2.2 Spellcasting
 * Level 3.9 Charms


You had 3 spell levels left.
You knew the following spells:

 Your Spells              Type           Power        Failure   Level  Hunger
a - Infusion              Chrm           ##..         6%          1    ##.....
b - Shroud of Golubria    Chrm/Tloc      #.........   22%         2    ###....


Dungeon Overview and Level Annotations

Branches:
Dungeon (2/15)

Altars:


Message History

You miss the adder.
The adder is moderately wounded.
* * * LOW HITPOINT WARNING * * *
You feel sick.
The ball python bites you but does no damage.
* * * LOW HITPOINT WARNING * * *
The ball python constricts you. The adder closely misses you.
You barely miss the adder.
The adder is moderately wounded.
The ball python bites you but does no damage.
* * * LOW HITPOINT WARNING * * *
The ball python constricts you. The adder bites you.
* * * LOW HITPOINT WARNING * * *
The ball python bites you.
* * * LOW HITPOINT WARNING * * *
The ball python constricts you.
You hit the adder but do no damage.
The adder is moderately wounded.
The adder barely misses you. The ball python closely misses you.
You die...

# #............## #######
#######....###
#.....############...##
...................#.#
........##########...#
........##########..############
.............).................#
........#######.S..#.######....#
........# ##..@.....>.....####
........# #....S.......####
.......######..###.......#
#)....##........##.....(.#
########........##...[...#
#........########## #........#
#..(.....# #......>.#


You could see an adder and a ball python.

Vanquished Creatures
  3 dart slugs (D:1)
  A leopard gecko (D:1)
  3 giant cockroaches (D:1)
  5 goblins (D:1)
  3 hobgoblins (D:1)
  3 jackals (D:1)
  3 kobolds (D:1)
  3 bats (D:1)
  3 frilled lizards (D:1)
  6 rats (D:1)
33 creatures vanquished.

Notes
Turn   | Place    | Note
-------+----------+-------------------------------------------
     0 | D:1      | garbagetei the Merfolk Skald began the quest for the Orb.
     0 | D:1      | Reached XP level 1. HP: 16/16 MP: 3/3
    87 | D:1      | Reached XP level 2. HP: 22/22 MP: 5/5
   510 | D:1      | Reached XP level 3. HP: 25/27 MP: 6/6
   523 | D:1      | Learned a level 2 spell: Shroud of Golubria
   809 | D:1      | Reached skill level 4 in Polearms
   973 | D:1      | HP: 1/27 [ball python (2)]
   974 | D:1      | Slain by a ball python

Skill      XL: |  1  2  3 |
---------------+----------+-----
Polearms       | 4 |  4.1
Fighting       | |  2.2
Armour         | |  0.9
Dodging        | |  2.8
Stealth        | |  0.3
Spellcasting   | |  2.2
Charms         | |  3.9

Action                   || total
-------------------------++-------
Melee: Spear             ||   113
 Stab: Sleeping          ||     1
Armor: Leather armour    ||    31
Dodge: Dodged            ||    74
